TOP OF THE 1ST |
Dunedin Blue Jays batting - Pitching for Lake Elsinore Storm : RHP Rogelio Nunez
|
Pitching: RHP Rogelio Nunez
|
|
Batting: SHB Ryan Chicoine
|
0-0: Ball 1-0: Ball 2-0: Ball 3-0: Called Strike 3-1: Foul Ball, location: 2F 3-2: Fly out, F7 (Flyball, 7S, EV 88.8 MPH)
|
Batting: RHB Justin Powell
|
0-0: Ball 1-0: Ball 2-0: Ball 3-0: Ground out 5-3 (Groundball, 56S, EV 88.1 MPH)
|
Batting: RHB Brock Van Gilder
|
0-0: Ball 1-0: Ball 2-0: Called Strike 2-1: Ball 3-1: Called Strike 3-2: Fly out, F9 (Line Drive, 89M, EV 88.1 MPH)
|
Top of the 1st over - 0 runs, 0 hits, 0 errors, 0 left on base; Dunedin 0 - Lake Elsinore 0 |
BOTTOM OF THE 1ST |
Lake Elsinore Storm batting - Pitching for Dunedin Blue Jays : RHP Orlando Giron
|
Pitching: RHP Orlando Giron
|
|
Batting: RHB Wally Cangro
|
0-0: Ball 1-0: Swinging Strike 1-1: Swinging Strike 1-2: Ball 2-2: Strikes out looking
|
Batting: RHB Jaden Scott
|
0-0: Ball 1-0: Ball 2-0: Foul Ball, location: 2F 2-1: Ball 3-1: Base on Balls
|
Batting: RHB Mike Maserang
|
0-0: Ball 1-0: Ball 2-0: Called Strike 2-1: Foul Ball, location: 2F 2-2: Strikes out looking
|
Batting: LHB Sammy Roddenberry
|
0-0: Called Strike 0-1: Foul Ball, location: 2F Pickoff Throw to First - Out! 1-3 CS
|
Bottom of the 1st over - 0 runs, 0 hits, 0 errors, 0 left on base; Dunedin 0 - Lake Elsinore 0 |
TOP OF THE 2ND |
Dunedin Blue Jays batting - Pitching for Lake Elsinore Storm : RHP Rogelio Nunez
|
Batting: LHB Chaim Huting
|
0-0: Called Strike 0-1: Called Strike 0-2: Ball 1-2: Ball 2-2: Strikes out looking
|
Batting: LHB Rodrigo Briceno
|
0-0: Called Strike 0-1: Ball 1-1: Foul Ball, location: 2F 1-2: Ball 2-2: Foul Ball, location: 2F 2-2: Ball 3-2: SINGLE (Groundball, 4D, EV 107.5 MPH)
|
Batting: RHB Wade Diamond
|
0-0: Called Strike Rodrigo Briceno is caught stealing 2nd base 2-4 0-1: Ground out 1-3 (Groundball, 13S, EV 69.4 MPH)
|
Top of the 2nd over - 0 runs, 1 hit, 0 errors, 0 left on base; Dunedin 0 - Lake Elsinore 0 |
BOTTOM OF THE 2ND |
Lake Elsinore Storm batting - Pitching for Dunedin Blue Jays : RHP Orlando Giron
|
Batting: LHB Sammy Roddenberry
|
0-0: Fly out, F6 (Popup, 6M, EV 68.1 MPH)
|
Batting: LHB Hugo MacBeth
|
0-0: Ball 1-0: Foul Ball, location: 2F 1-1: Foul Ball, location: 2F 1-2: Ground out 6-3 (Groundball, 6S, EV 85.6 MPH)
|
Batting: RHB Hector Fernandez
|
0-0: Ball 1-0: Called Strike 1-1: Foul Ball, location: 2F 1-2: Ball 2-2: Fly out, F8 (Flyball, 8RM, EV 84.4 MPH)
|
Bottom of the 2nd over - 0 runs, 0 hits, 0 errors, 0 left on base; Dunedin 0 - Lake Elsinore 0 |
TOP OF THE 3RD |
Dunedin Blue Jays batting - Pitching for Lake Elsinore Storm : RHP Rogelio Nunez
|
Batting: RHB Norm Mercer
|
0-0: Ball 1-0: Ball 2-0: Fly out, F7 (Flyball, 78S, EV 90.0 MPH)
|
Batting: RHB Luis Reyes
|
0-0: Called Strike 0-1: Called Strike 0-2: Hit by Pitch
|
Batting: LHB Roger Escareno
|
0-0: Called Strike Luis Reyes steals 2nd base (no throw) 0-1: Ball 1-1: Foul Ball, location: 2F 1-2: Foul Ball, location: 2F 1-2: Ball 2-2: SINGLE (Groundball, 5L, EV 86.9 MPH) (infield hit) Luis Reyes to third
|
Batting: SHB Ryan Chicoine
|
0-0: Called Strike Roger Escareno is caught stealing 2nd base 2-6 0-1: Swinging Strike 0-2: Hit by Pitch
|
Batting: RHB Justin Powell
|
0-0: Ball 1-0: Called Strike 1-1: Ball 2-1: Ball 3-1: DOUBLE (Groundball, 5L, EV 109.4 MPH) Luis Reyes scores Ryan Chicoine to third Runner from 3rd tries for Home, SAFE, no throw by LF
|
Batting: RHB Brock Van Gilder
|
0-0: Called Strike 0-1: Called Strike 0-2: Ball 1-2: Ball 2-2: Ball 3-2: Foul Ball, location: 2F 3-2: Base on Balls
|
Batting: LHB Chaim Huting
|
0-0: Called Strike 0-1: Ball 1-1: Ball 2-1: SINGLE (Groundball, 4D, EV 103.1 MPH) Justin Powell to third Brock Van Gilder to second Runner from 3rd tries for Home, SAFE, throw by CF to home
|
Batting: LHB Rodrigo Briceno
|
0-0: Called Strike 0-1: Ball 1-1: Foul Ball, location: 2F 1-2: Ground out U3 (Groundball, 3L, EV 76.9 MPH)
|
Top of the 3rd over - 3 runs, 3 hits, 0 errors, 2 left on base; Dunedin 3 - Lake Elsinore 0 |
BOTTOM OF THE 3RD |
Lake Elsinore Storm batting - Pitching for Dunedin Blue Jays : RHP Orlando Giron
|
Batting: LHB James McCauley
|
0-0: Ball 1-0: Foul Ball, location: 2F 1-1: Fly out, F7 (Flyball, 7, EV 86.2 MPH)
|
Batting: LHB Phil Lerner
|
0-0: Called Strike 0-1: Ball 1-1: Called Strike 1-2: Strikes out swinging
|
Batting: LHB Dean Luttman
|
0-0: Ball 1-0: Foul Ball, location: 2F 1-1: Swinging Strike 1-2: Ball 2-2: Ball 3-2: Strikes out swinging
|
Bottom of the 3rd over - 0 runs, 0 hits, 0 errors, 0 left on base; Dunedin 3 - Lake Elsinore 0 |
TOP OF THE 4TH |
Dunedin Blue Jays batting - Pitching for Lake Elsinore Storm : RHP Rogelio Nunez
|
Batting: RHB Wade Diamond
|
0-0: Foul Ball, location: 2F 0-1: Foul Ball, location: 2F 0-2: Foul Ball, location: 2F 0-2: Strikes out swinging
|
Batting: RHB Norm Mercer
|
0-0: Ground out 1-3 (Groundball, 25, EV 70.0 MPH)
|
Batting: RHB Luis Reyes
|
0-0: Ball 1-0: Swinging Strike 1-1: Foul Ball, location: 2F 1-2: Strikes out looking
|
Top of the 4th over - 0 runs, 0 hits, 0 errors, 0 left on base; Dunedin 3 - Lake Elsinore 0 |
BOTTOM OF THE 4TH |
Lake Elsinore Storm batting - Pitching for Dunedin Blue Jays : RHP Orlando Giron
|
Batting: RHB Wally Cangro
|
0-0: Ball 1-0: Foul Ball, location: 2F 1-1: Foul Ball, location: 2F 1-2: Ball 2-2: Ball 3-2: Foul Ball, location: 2F 3-2: Strikes out swinging
|
Batting: RHB Jaden Scott
|
0-0: Ball 1-0: Ball 2-0: Ball 3-0: Called Strike 3-1: Ground out 5-3 (Groundball, 56S, EV 69.4 MPH)
|
Batting: RHB Mike Maserang
|
0-0: Ball 1-0: Ground out 6-3 (Groundball, 6, EV 83.1 MPH)
|
Bottom of the 4th over - 0 runs, 0 hits, 0 errors, 0 left on base; Dunedin 3 - Lake Elsinore 0 |
TOP OF THE 5TH |
Dunedin Blue Jays batting - Pitching for Lake Elsinore Storm : RHP Rogelio Nunez
|
Batting: LHB Roger Escareno
|
0-0: Called Strike 0-1: Ball 1-1: Swinging Strike 1-2: Foul Ball, location: 2F 1-2: Ball 2-2: Ball 3-2: Ground out 4-3 (Groundball, 4, EV 90.0 MPH)
|
Pitching: RHP Eric Busby
|
|
Batting: SHB Ryan Chicoine
|
0-0: Called Strike 0-1: Foul Ball, location: 2F 0-2: Ball 1-2: SINGLE (Line Drive, 56, EV 98.1 MPH)
|
Batting: RHB Justin Powell
|
0-0: Called Strike Ryan Chicoine steals 2nd base 0-1: Ball 1-1: Foul Ball, location: 2F 1-2: Foul Ball, location: 2F 1-2: Ground out 5-3 (Groundball, 5S, EV 83.1 MPH)
|
Batting: RHB Brock Van Gilder
|
0-0: Ball 1-0: Swinging Strike 1-1: Swinging Strike 1-2: Ball 2-2: Foul Ball, location: 2F 2-2: Ball 3-2: Foul Ball, location: 2F 3-2: Foul Ball, location: 2F 3-2: Foul Ball, location: 2F 3-2: Strikes out swinging
|
Top of the 5th over - 0 runs, 1 hit, 0 errors, 1 left on base; Dunedin 3 - Lake Elsinore 0 |
BOTTOM OF THE 5TH |
Lake Elsinore Storm batting - Pitching for Dunedin Blue Jays : RHP Orlando Giron
|
Batting: LHB Sammy Roddenberry
|
0-0: Ball 1-0: Fly out, F9 (Flyball, 89S, EV 90.6 MPH)
|
Batting: LHB Hugo MacBeth
|
0-0: Foul Ball, location: 2F 0-1: Called Strike 0-2: Ball 1-2: SOLO HOME RUN (Flyball, 9D, EV 98.8 MPH), Distance : 377 ft
|
Batting: RHB Hector Fernandez
|
0-0: Called Strike 0-1: Ball 1-1: Ball 2-1: Foul Ball, location: 2F 2-2: Foul Ball, location: 2F 2-2: Foul Ball, location: 2F 2-2: Ball 3-2: Strikes out swinging
|
Batting: LHB James McCauley
|
0-0: Ball 1-0: DOUBLE (Line Drive, 5D, EV 96.9 MPH)
|
Batting: LHB Phil Lerner
|
0-0: Ball 1-0: Ball 2-0: Ball 3-0: Base on Balls
|
Batting: LHB Dean Luttman
|
0-0: Ground out 2-3 (Groundball, 15S, EV 70.6 MPH)
|
Bottom of the 5th over - 1 run, 2 hits, 0 errors, 2 left on base; Dunedin 3 - Lake Elsinore 1 |
TOP OF THE 6TH |
Dunedin Blue Jays batting - Pitching for Lake Elsinore Storm : RHP Eric Busby
|
Batting: LHB Chaim Huting
|
0-0: Called Strike 0-1: Ball 1-1: Ball 2-1: Ball 3-1: Swinging Strike 3-2: Foul Ball, location: 2F 3-2: Foul Ball, location: 2F 3-2: Strikes out swinging
|
Batting: LHB Rodrigo Briceno
|
0-0: Ball 1-0: Ball 2-0: Ball 3-0: Called Strike 3-1: Foul Ball, location: 2F 3-2: Strikes out looking
|
Batting: RHB Wade Diamond
|
0-0: Ball 1-0: Fly out, F8 (Flyball, 8RS, EV 82.5 MPH)
|
Top of the 6th over - 0 runs, 0 hits, 0 errors, 0 left on base; Dunedin 3 - Lake Elsinore 1 |
BOTTOM OF THE 6TH |
Lake Elsinore Storm batting - Pitching for Dunedin Blue Jays : RHP Orlando Giron
|
Batting: RHB Wally Cangro
|
0-0: Swinging Strike 0-1: Ball 1-1: Ball 2-1: Swinging Strike 2-2: Ball 3-2: Foul Ball, location: 2F 3-2: Strikes out looking
|
Batting: RHB Jaden Scott
|
0-0: Called Strike 0-1: Foul Ball, location: 2F 0-2: Strikes out swinging
|
Batting: RHB Mike Maserang
|
0-0: Foul Ball, location: 2F 0-1: Ball 1-1: Foul Ball, location: 2F 1-2: Strikes out swinging
|
Bottom of the 6th over - 0 runs, 0 hits, 0 errors, 0 left on base; Dunedin 3 - Lake Elsinore 1 |
TOP OF THE 7TH |
Dunedin Blue Jays batting - Pitching for Lake Elsinore Storm : RHP Eric Busby
|
Pitching: RHP Bill Jacobs
|
|
Batting: RHB Norm Mercer
|
0-0: Called Strike 0-1: Foul Ball, location: 2F 0-2: Ball 1-2: Ball 2-2: Strikes out swinging
|
Batting: RHB Luis Reyes
|
0-0: Foul Ball, location: 2F 0-1: Called Strike 0-2: Strikes out swinging
|
Batting: LHB Roger Escareno
|
0-0: Called Strike 0-1: Ball 1-1: Foul Ball, location: 2F 1-2: Ball 2-2: Ball 3-2: SINGLE (Groundball, 6MD, EV 102.5 MPH)
|
Batting: SHB Ryan Chicoine
|
0-0: Called Strike 0-1: Ball 1-1: Ball 2-1: Foul Ball, location: 2F 2-2: Ball Roger Escareno is caught stealing 2nd base 2-6
|
Top of the 7th over - 0 runs, 1 hit, 0 errors, 0 left on base; Dunedin 3 - Lake Elsinore 1 |
BOTTOM OF THE 7TH |
Lake Elsinore Storm batting - Pitching for Dunedin Blue Jays : RHP Orlando Giron
|
Now in LF: Jonathan Klemm
|
|
Now in CF: Justin Powell
|
|
Batting: LHB Sammy Roddenberry
|
0-0: Ball 1-0: Swinging Strike 1-1: Foul Ball, location: 2F 1-2: Foul Ball, location: 2F 1-2: Strikes out swinging
|
Batting: LHB Hugo MacBeth
|
0-0: Ball 1-0: Ball 2-0: Ground out 5-3 (Groundball, 5, EV 78.8 MPH)
|
Batting: RHB Hector Fernandez
|
0-0: Ball 1-0: Called Strike 1-1: Foul Ball, location: 2F 1-2: Strikes out looking
|
Bottom of the 7th over - 0 runs, 0 hits, 0 errors, 0 left on base; Dunedin 3 - Lake Elsinore 1 |
TOP OF THE 8TH |
Dunedin Blue Jays batting - Pitching for Lake Elsinore Storm : RHP Bill Jacobs
|
Pitching: RHP Mike Swenson
|
|
Batting: SHB Ryan Chicoine
|
0-0: Ball 1-0: Foul Ball, location: 2F 1-1: Ball 2-1: Foul Ball, location: 2F 2-2: Ball 3-2: Base on Balls
|
Batting: RHB Justin Powell
|
0-0: Sac Bunt to P - play at first, batter OUT! 1-3 Ryan Chicoine to second
|
Batting: RHB Brock Van Gilder
|
0-0: Called Strike 0-1: SINGLE (Groundball, 4MD, EV 96.9 MPH) Ryan Chicoine to third Runner from 3rd tries for Home, SAFE, throw by CF to home
|
Batting: LHB Chaim Huting
|
0-0: Ball Brock Van Gilder steals 2nd base (no throw) 1-0: Ball 2-0: Ball 3-0: Called Strike 3-1: Base on Balls
|
Batting: LHB Rodrigo Briceno
|
0-0: Ball Brock Van Gilder steals 3rd base 1-0: Ball 2-0: Called Strike 2-1: Foul Ball, location: 2F 2-2: Strikes out looking
|
Batting: RHB Jonathan Klemm
|
0-0: Foul Ball, location: 2F 0-1: Swinging Strike 0-2: Ball 1-2: Foul Ball, location: 2F 1-2: Fielders Choice at 2nd, 5-4 (Groundball, 5, EV 88.1 MPH)
|
Top of the 8th over - 1 run, 1 hit, 0 errors, 2 left on base; Dunedin 4 - Lake Elsinore 1 |
BOTTOM OF THE 8TH |
Lake Elsinore Storm batting - Pitching for Dunedin Blue Jays : RHP Orlando Giron
|
Pitching: RHP Bobby Leija
|
|
Batting: LHB James McCauley
|
0-0: Called Strike 0-1: Ground out 4-3 (Groundball, 4, EV 82.5 MPH)
|
Batting: LHB Phil Lerner
|
0-0: Ball 1-0: Foul Ball, location: 2F 1-1: Foul Ball, location: 2F 1-2: Ball 2-2: Foul Ball, location: 2F 2-2: Strikes out looking
|
Batting: LHB Dean Luttman
|
0-0: Ground out 1-3 (Groundball, 34S, EV 68.1 MPH)
|
Bottom of the 8th over - 0 runs, 0 hits, 0 errors, 0 left on base; Dunedin 4 - Lake Elsinore 1 |
TOP OF THE 9TH |
Dunedin Blue Jays batting - Pitching for Lake Elsinore Storm : RHP Mike Swenson
|
Pitching: RHP Ching Ge
|
|
Batting: RHB Norm Mercer
|
0-0: Foul Ball, location: 2F 0-1: Ball 1-1: DOUBLE (Flyball, 8LXD, EV 96.9 MPH)
|
Batting: RHB Luis Reyes
|
0-0: Swinging Strike 0-1: Foul Ball, location: 2F 0-2: Strikes out looking
|
Batting: LHB Roger Escareno
|
0-0: Swinging Strike 0-1: Called Strike 0-2: Ball 1-2: Foul Ball, location: 2F 1-2: TRIPLE (Line Drive, 8LXD, EV 103.1 MPH) Norm Mercer scores
|
Batting: SHB Ryan Chicoine
|
0-0: Foul Ball, location: 2F 0-1: Fly out, F2 (Popup, 2L, EV 89.4 MPH)
|
Batting: RHB Justin Powell
|
0-0: Ground out 5-3 (Groundball, 56, EV 83.1 MPH)
|
Top of the 9th over - 1 run, 2 hits, 0 errors, 1 left on base; Dunedin 5 - Lake Elsinore 1 |
BOTTOM OF THE 9TH |
Lake Elsinore Storm batting - Pitching for Dunedin Blue Jays : RHP Bobby Leija
|
Batting: RHB Wally Cangro
|
0-0: Ball 1-0: Ball 2-0: Ball 3-0: Foul Ball, location: 2F 3-1: Foul Ball, location: 2F 3-2: Foul Ball, location: 2F 3-2: Base on Balls
|
Batting: RHB Jaden Scott
|
0-0: Swinging Strike 0-1: Ball 1-1: SINGLE (Groundball, 6MD, EV 105.0 MPH) Wally Cangro to second
|
Pitching: RHP Sergio Valdivia
|
|
Batting: RHB Mike Maserang
|
0-0: Called Strike 0-1: Ball 1-1: Ball 2-1: Ball 3-1: Base on Balls Wally Cangro to third Jaden Scott to second
|
Batting: LHB Sammy Roddenberry
|
0-0: Called Strike 0-1: Foul Ball, location: 2F 0-2: Ball 1-2: Strikes out swinging
|
Batting: LHB Hugo MacBeth
|
0-0: Foul Ball, location: 2F 0-1: Fly out, F9 (Flyball, 89M, EV 93.8 MPH) Runner from 3rd tags up, SCORES, no throw by RF
|
Batting: RHB Hector Fernandez
|
0-0: DOUBLE (Line Drive, 89D, EV 111.2 MPH) Jaden Scott scores Mike Maserang to third
|
Batting: LHB James McCauley
|
0-0: Ball 1-0: Ground out 3-1 (Groundball, 34S, EV 86.2 MPH)
|
Bottom of the 9th over - 2 runs, 2 hits, 0 errors, 2 left on base; Dunedin 5 - Lake Elsinore 3 |
|